 Dungeon Crawl Stone Soup version 0.18-a0-1639-g7533f42 (webtiles) character file.

526 dohliylev the Covert (level 7, -3/49 HPs)
             Began as a Vampire Enchanter on Mar 27, 2016.
             Was an Initiate of Dithmenos.
             Slain by a gnoll
             ... wielding a +0 spear
              (9 damage)
             ... on level 5 of the Dungeon.
             The game lasted 00:33:17 (5560 turns).

dohliylev the Covert (Vampire Enchanter)            Turns: 5560, Time: 00:33:20

Health: -3/49      AC:  0    Str:  7    XL:     7   Next: 2%
Magic:  0/10       EV: 24    Int: 17    God:    Dithmenos [......]
Gold:   227        SH:  0    Dex: 22    Spells: 4 memorised, 2 levels left

rFire  . . .     SeeInvis +     (weapon currently unavailable)
rCold  + + .     Gourm    .     (armour currently unavailable)
rNeg   + + +     Faith    .     (shield currently unavailable)
rPois  +         Spirit   .     (helmet currently unavailable)
rElec  .         Dismiss  .     (cloak currently unavailable)
rCorr  .         Reflect  .     (gloves currently unavailable)
SustAt .         Harm     .     (boots currently unavailable)
MR     .....                    (no amulet)
Stlth  ++++++....               (ring currently unavailable)
                                (ring currently unavailable)

@: exhausted, bat-form, flying, regenerating slowly, slowed, quick, not
resistant to hostile enchantments, very stealthy
A: fangs 3, see invisible, (unbreathing)
a: End Transformation, Renounce Religion


You were on level 5 of the Dungeon.
You worshipped Dithmenos.
Dithmenos was noncommittal.
You were near bloodless.
You were in vampire-bat-form.
You visited 2 branches of the dungeon, and saw 7 of its levels.

You collected 227 gold pieces.

Inventory:

Hand Weapons
 a - a +1 dagger (melded)
Missiles
 u - 28 poisoned needles
Armour
 b - a +1 robe (melded)
 l - a +0 pair of boots (melded)
 m - a cursed +0 pair of gloves (melded)
 y - a +0 pair of gloves
Magical Staves
 o - an uncursed staff of cold
Jewellery
 s - a ring of sustain attributes (melded)
 t - a ring of fire (melded)
 x - an uncursed ring of flight {unknown}
Wands
 A - a wand of heal wounds (7/9)
Scrolls
 e - 2 scrolls of fog {unknown}
 f - 2 scrolls of enchant armour {unknown}
 g - 2 scrolls of enchant weapon {unknown}
 h - 3 scrolls of remove curse {unknown}
 i - 5 scrolls of identify {unknown}
 j - 2 scrolls of magic mapping {unknown}
 p - 3 scrolls of immolation {unknown}
 q - a scroll of blinking {unknown}
 r - a scroll of amnesia {unknown}
 B - a scroll of teleportation {unknown}
Potions
 d - 3 potions of blood
 k - 2 potions of berserk rage {unknown}
 n - 2 potions of curing {unknown}
 v - a potion of might {unknown}
 w - a potion of degeneration {unknown}
 z - a potion of brilliance {unknown}
 C - a potion of haste {unknown}
Books
 c - a book of Maledictions

   Spells                             Type                      Level
   a - Corona                         Hexes                        1
   b - Ensorcelled Hibernation        Hexes/Ice                    2
   c - Confuse                        Hexes                        3
   d - Tukima's Dance                 Hexes                        3
   e - Dazzling Spray                 Conjuration/Hexes            3


   Skills:
 + Level 1.6 Fighting
 + Level 1.7 Short Blades
 + Level 4.3 Dodging
 + Level 9.2 Stealth
 - Level 2.6 Spellcasting
 - Level 5.1 Hexes
 - Level 1.0 Ice Magic


You had 2 spell levels left.
You knew the following spells:

 Your Spells              Type           Power        Failure   Level  Hunger
a - Corona                Hex            ###....      2%          1    #......
b - Ensorcelled Hibernat  Hex/Ice        ##....       10%         2    ##.....
c - Dazzling Spray        Conj/Hex       ##......     21%         3    ###....
d - Tukima's Dance        Hex            ###.....     10%         3    ###....


Dungeon Overview and Level Annotations

Branches:
Dungeon (6/15)             Temple (1/1) D:5

Altars:
Ashenzari
Cheibriados
Dithmenos
Elyvilon
Fedhas
Gozag
Kikubaaqudgha
Makhleb
Nemelex Xobeh
Pakellas
Qazlal
Ru
Sif Muna
Trog
Vehumet
Xom
Yredelemnul
Zin
The Shining One

Shops:
D:4 =

Annotations:
D:4 namelastname112's ghost, amateur DrMo


Innate Abilities, Weirdness & Mutations

You heal slowly.
You have razor-sharp teeth.
You have supernaturally acute eyesight.
((You can survive without breathing.))


Message History

The gnoll hits you but does no damage.
You hit the gnoll.
The gnoll is heavily wounded.
The gnoll hits you with a spear.
* * * LOW HITPOINT WARNING * * *
You hit the gnoll.
The gnoll is severely wounded.
The gnoll hits you but does no damage. The gnoll hits you with a spear.
* * * LOW HITPOINT WARNING * * *
The gnoll hits you from afar with a spear.
* * * LOW HITPOINT WARNING * * *
The gnoll stops glowing.
The gnoll misses you.
You turn into a vampire bat.
Your +1 dagger melds into your body.
Your cursed +0 pair of gloves melds into your body.
Your +0 pair of boots melds into your body.
Your +1 robe melds into your body.
Your ring of sustain attributes melds into your body.
Your ring of fire melds into your body.
The gnoll hits you from afar with a spear!
You die...

......#...# #......#####........
......#...# ##......# #.....###
..........###......######.....###
......###........................
.........#...##########.......###
#.........(.### #.##.#####.
#..g...##.#.).#########.##.# ##..
(...%..##.#................# #..#
#......##.##..g.b..........###.##
#......##.##...............##..#
#......##.####................##
#......##.####..............###
#......(....##.............##
#......#(....##............<...#
#########......................#
## ##(.##...#..#####...#....) .#
#.....#....#. ..........


You could see a gnoll.

Vanquished Creatures
  A scorpion (D:5)
  A howler monkey (D:5)
  A crimson imp (D:4)
  2 giant frog skeletons (D:4)
  An orc priest (D:6)
  A hound (D:5)
  An iguana (D:6)
  3 worker ants
  A hound skeleton (D:4)
  A worker ant zombie (D:4)
  5 adders
  2 gnolls (D:5)
  2 oozes
  An adder skeleton (D:4)
  A worm (D:2)
  4 dart slugs
  7 giant geckos
  3 orcs
  3 giant cockroaches
  9 goblins
  3 hobgoblins (D:1)
  8 jackals
  A quokka (D:4)
  9 bats
  4 giant newts
  9 kobolds
  6 rats
90 creatures vanquished.

Notes
Turn   | Place    | Note
--------------------------------------------------------------
     0 | D:1      | dohliylev the Vampire Enchanter began the quest for the Orb.
     0 | D:1      | Reached XP level 1. HP: 13/13 MP: 3/3
    82 | D:1      | Reached XP level 2. HP: 19/19 MP: 5/5
    95 | D:1      | Learned a level 2 spell: Ensorcelled Hibernation
   231 | D:1      | Reached skill level 5 in Stealth
   376 | D:1      | Reached XP level 3. HP: 11/24 MP: 0/6
   981 | D:2      | Reached skill level 5 in Hexes
  1302 | D:2      | Reached skill level 6 in Stealth
  1302 | D:2      | Reached XP level 4. HP: 30/30 MP: 2/7
  1474 | D:2      | Found a shimmering altar of Xom.
  1509 | D:2      | Reached skill level 1 in Ice Magic
  1990 | D:3      | Found a faded altar to an unknown god.
  2069 | D:3      | Became a worshipper of Trog the Wrathful
  2069 | D:3      | Reached * piety under Trog
  2069 | D:3      | Fell from the grace of Trog
  2329 | D:4      | Noticed namelastname112's ghost (amateur DrMo)
  2411 | D:4      | Reached XP level 5. HP: 27/36 MP: 0/8
  2605 | D:4      | Reached skill level 7 in Stealth
  3039 | D:4      | Reached skill level 1 in Fighting
  3109 | D:4      | Found Feenecsa's Jewellery Shop.
  3210 | D:4      | Reached XP level 6. HP: 43/43 MP: 6/9
  3330 | D:4      | Noticed a polar bear
  3330 | D:4      | Noticed a polar bear
  3330 | D:4      | Noticed a polar bear
  3429 | D:4      | Noticed a sky beast
  3616 | D:5      | Entered Level 5 of the Dungeon
  3739 | D:5      | HP: 2/43 [giant frog skeleton (7)]
  4497 | D:6      | Reached skill level 8 in Stealth
  4552 | D:6      | Noticed a polar bear
  4552 | D:6      | Noticed a polar bear
  4666 | D:5      | Found a staircase to the Ecumenical Temple.
  4672 | Temple   | Entered the Ecumenical Temple
  4860 | Temple   | Noticed a polar bear
  4900 | Temple   | Became a worshipper of Dithmenos the Shadowed
  5272 | D:5      | Reached skill level 9 in Stealth
  5348 | D:5      | Reached XP level 7. HP: 48/48 MP: 3/10
  5504 | D:5      | Learned a level 3 spell: Dazzling Spray
  5508 | D:5      | Learned a level 3 spell: Tukima's Dance
  5560 | D:5      | Slain by a gnoll

Vault maps used:
D:1:      matt_arrival_spirals, minmay_misc_feat_rows
D:2:      xom_teletrap_fun
D:3:      ecumenical_altar_2
D:4:      serial_shops, shop, minmay_tree_intersection,
          minmay_misc_feat_four_crosses
D:5:      minmay_goblin_kobold_castle, minmay_temple_entry_fiery, first_bread
D:6:      kennysheep_little_box
Temple:   kilobyte_greek_temple_18

Skill      XL: |  1  2  3  4  5  6 |
---------------+-------------------+-----
Stealth        | 5 6 7 9 |  9.2
Hexes          | 5 |  5.1
Ice Magic      | 1 |  1.0
Dodging        | 3 4 |  4.3
Fighting       | 1 |  1.6
Short Blades   | |  1.7
Spellcasting   | |  2.6

Action                   |  1- 3 |  4- 6 |  7- 9 || total
-------------------------+-------+-------+-------++-------
Melee: Dagger            |    79 |   109 |    13 ||   201
 Cast: Ensorcelled Hiber |    29 |    31 |     8 ||    68
       Corona            |     1 |     4 |     1 ||     6
Invok: Renounce Religion |       |     1 |       ||     1
 Abil: Bat Form          |       |     5 |     2 ||     7
       End Transformatio |       |     5 |     1 ||     6
  Use: Potion            |       |     2 |       ||     2
 Stab: Sleeping          |    34 |    32 |     2 ||    68
       Distracted        |       |     1 |       ||     1
  Eat: Corpse            |       |     1 |       ||     1
